[Event "Titled Tuesday Blitz November 07 Early 2023"]
[White "Mazzilli, Piero"]
[Black "Baches Garcia, Guillermo"]
[WhiteFideId "807087"]
[BlackFideId "2209764"]
[WhiteElo "2301"]
[BlackElo "2506"]
[Result "1-0"]
[Round "2"]
[TimeControl "180+1"]
[Date "2023.11.07"]
[WhiteClock "0:00:43"]
[BlackClock "0:00:00"]
[Board "188"]

1. e4 d5 2. exd5 Qxd5 3. Nc3 Qa5 4. Bc4 Nf6 5. d3 Bg4 6. Ne2 Nc6 7. h3 Bd7 8. Bd2 Qb6 9. O-O Ne5 10. Bb3 e6 11. d4 Ng6 12. Be3 Qa6 13. d5 O-O-O 14. Nd4 Bb4 15. dxe6 fxe6 16. Qe2 Qxe2 17. Ncxe2 e5 18. Ne6 Bxe6 19. Bxe6+ Kb8 20. c3 Bd6 21. Rad1 Nf4 22. Bxf4 exf4 23. Nd4 Rhe8 24. Rfe1 Bc5 25. Bf5 Rxe1+ 26. Rxe1 Bxd4 27. cxd4 Nd5 28. Bxh7 c6 29. Kf1 Nf6 30. Bf5 Rxd4 31. Ke2 Kc7 32. Rd1 Rxd1 33. Kxd1 Kd6 34. Ke2 g5 35. Kf3 Ke5 36. Bc2 c5 37. g3 fxg3 38. fxg3 b5 39. h4 gxh4 40. gxh4 c4 41. Bg6 a5 42. h5 b4 43. h6 Kd4 44. h7 Nxh7 45. Bxh7 a4 46. Ke2 a3 47. bxa3 bxa3 48. Kd2 1-0


[Site "https://www.chess.com"]

[Event "Titled Tuesday Blitz November 07 Early 2023"]
[White "LouieKov2022"]
[Black "Schut, Han"]
[BlackFideId "1005561"]
[WhiteElo "2505"]
[BlackElo "2297"]
[Result "1-0"]
[Round "2"]
[TimeControl "180+1"]
[Date "2023.11.07"]
[WhiteClock "0:02:00"]
[BlackClock "0:00:19"]
[Board "189"]

1. e4 c5 2. Nf3 d6 3. d4 cxd4 4. Nxd4 Nf6 5. Nc3 a6 6. f3 e5 7. Nb3 Be6 8. Be3 Be7 9. Qd2 O-O 10. O-O-O Nbd7 11. g4 b5 12. g5 b4 13. Ne2 Ne8 14. f4 a5 15. f5 Bxb3 16. cxb3 a4 17. Kb1 axb3 18. axb3 Qa5 19. Nc1 Qa1+ 20. Kc2 Rc8+ 21. Bc4 Qa8 22. Qd5 Qxd5 23. Rxd5 Nc7 24. Ra5 Nc5 25. Rxc5 dxc5 26. g6 hxg6 27. fxg6 Bf6 28. Bxc5 Ne6 29. Bxf8 Kxf8 30. gxf7 Nd4+ 31. Kb1 Nf3 32. Rd1 Nxh2 33. Rh1 Nf3 34. Rh8+ 1-0


[Site "https://www.chess.com"]

[Event "Titled Tuesday Blitz November 07 Early 2023"]
[White "Bernat, David"]
[Black "Musalov, Ruslan"]
[WhiteFideId "2099225"]
[BlackFideId "4141490"]
[WhiteElo "2296"]
[BlackElo "2505"]
[Result "1-0"]
[Round "2"]
[TimeControl "180+1"]
[Date "2023.11.07"]
[WhiteClock "0:00:02"]
[BlackClock "0:00:05"]
[Board "190"]

1. c4 Nf6 2. Nc3 g6 3. e4 d6 4. g3 Bg7 5. Bg2 O-O 6. Nge2 c5 7. O-O Nc6 8. d3 Rb8 9. h3 a6 10. a4 Nd7 11. Be3 Nd4 12. Rb1 e5 13. b4 cxb4 14. Rxb4 Nc5 15. Nd5 a5 16. Rb1 Nxe2+ 17. Qxe2 Nxa4 18. Bb6 Nxb6 19. Nxb6 Bd7 20. Qd2 a4 21. Qb4 Bc6 22. Nxa4 b5 23. Nc3 bxc4 24. Qxc4 Qd7 25. Nd5 Bb5 26. Qb3 h5 27. Rfc1 Bc6 28. Qxb8 Rxb8 29. Rxb8+ Kh7 30. Ne3 h4 31. Rb6 hxg3 32. Rbxc6 gxf2+ 33. Kxf2 Qe7 34. Nd5 Qg5 35. Rc7 Qd2+ 36. Kg1 Kg8 37. Rf1 f5 38. Ne7+ Kh7 39. exf5 Qe3+ 40. Kh1 Qb6 41. fxg6+ Kh6 42. Nf5+ Kxg6 43. Rxg7+ Kh5 44. Bf3# 1-0


[Site "https://www.chess.com"]

[Event "Titled Tuesday Blitz November 07 Early 2023"]
[White "Buchenau, Frank"]
[Black "Biernacki, Mark"]
[WhiteFideId "4604350"]
[BlackFideId "2082322"]
[WhiteElo "2504"]
[BlackElo "2293"]
[Result "0-1"]
[Round "2"]
[TimeControl "180+1"]
[Date "2023.11.07"]
[WhiteClock "0:00:00"]
[BlackClock "0:00:09"]
[Board "191"]

1. e4 c6 2. Nf3 d5 3. Nc3 dxe4 4. Nxe4 Nf6 5. Ng3 Bg4 6. h3 Bxf3 7. Qxf3 e6 8. b3 Be7 9. Bb2 O-O 10. O-O-O a5 11. a4 Nbd7 12. d4 Qc7 13. Bd3 Nd5 14. Rhe1 Nb4 15. Bf1 Nf6 16. c3 Nbd5 17. Kb1 Rab8 18. c4 Nb4 19. Ne2 b5 20. Nc3 bxa4 21. Nxa4 Rfd8 22. g4 Nd7 23. d5 cxd5 24. cxd5 Qc2+ 25. Ka1 Qg6 26. Bd3 Nxd3 27. Qxd3 Nc5 28. Nxc5 Bxc5 29. Qxg6 hxg6 30. dxe6 Rxd1+ 31. Rxd1 fxe6 32. Rd7 Rxb3 33. Rxg7+ Kf8 34. Rc7 Bxf2 35. Ka2 Rd3 36. Be5 Rxh3 37. Rc6 Ke7 38. Rc7+ Ke8 39. Rc8+ Kd7 40. Rc7+ Kd8 41. Rg7 Bc5 42. Rxg6 Kd7 43. Rg7+ Kc6 44. g5 Kd5 45. Bf6 Rh2+ 46. Kb3 Rh3+ 47. Ka2 a4 48. g6 Rh2+ 49. Kb1 a3 50. Rc7 a2+ 51. Kc1 Ba3+ 52. Kd1 a1=Q+ 53. Bxa1 Rh1+ 54. Ke2 Rxa1 55. Kf2 Bc5+ 56. Kf3 Rg1 0-1


[Site "https://www.chess.com"]

[Event "Titled Tuesday Blitz November 07 Early 2023"]
[White "Hajiyev, Kanan"]
[Black "Balla, Tamas-Kristof"]
[WhiteFideId "13404148"]
[BlackFideId "1208497"]
[WhiteElo "2502"]
[BlackElo "2292"]
[Result "0-1"]
[Round "2"]
[TimeControl "180+1"]
[Date "2023.11.07"]
[WhiteClock "0:00:00"]
[BlackClock "0:00:36"]
[Board "192"]

1. d4 d5 2. Nf3 Nf6 3. c4 e6 4. cxd5 exd5 5. Nc3 Be7 6. Bf4 O-O 7. Qc2 c6 8. e3 b6 9. Ne5 Bb7 10. Bd3 h6 11. O-O Nbd7 12. Bg3 Rc8 13. f4 c5 14. Bf5 cxd4 15. exd4 Nxe5 16. Bxc8 Qxc8 17. fxe5 Ng4 18. Qe2 Bg5 19. Bf4 Ba6 20. Qf3 Bxf1 21. Bxg5 Bxg2 22. Qxg2 hxg5 23. Nxd5 Qe6 24. h3 Nh6 25. Nc3 Rd8 26. Rd1 g4 27. h4 Qg6 28. Qe4 Qh5 29. d5 Qxh4 30. d6 Qg3+ 31. Qg2 Qe3+ 32. Qf2 Qxe5 33. d7 g3 34. Qd4 Qh5 35. Rd2 Nf5 36. Qe5 Qg5 37. Qe8+ Kh7 38. Rd3 Qf4 39. Qe2 Nh4 0-1


[Site "https://www.chess.com"]

[Event "Titled Tuesday Blitz November 07 Early 2023"]
[White "Garrido, Denis"]
[Black "Kubicka, Anna"]
[WhiteFideId "601217"]
[BlackFideId "1152254"]
[WhiteElo "2288"]
[BlackElo "2502"]
[Result "1-0"]
[Round "2"]
[TimeControl "180+1"]
[Date "2023.11.07"]
[WhiteClock "0:01:03"]
[BlackClock "0:00:07"]
[Board "193"]

1. e4 c5 2. Nf3 d6 3. d4 cxd4 4. Nxd4 Nf6 5. Nc3 a6 6. Nf3 g6 7. e5 Ng4 8. exd6 Qxd6 9. Qxd6 exd6 10. Bf4 Nc6 11. Nd5 Rb8 12. h3 Nge5 13. Be2 Bg7 14. O-O-O O-O 15. Rhe1 Be6 16. Be3 Nxf3 17. Bxf3 Ne5 18. Be2 Rfd8 19. Bb6 Re8 20. Nc7 Re7 21. Rxd6 Nd7 22. Nxe6 fxe6 23. Be3 e5 24. Bc4+ Kh8 25. Bg5 Rbe8 26. Bxe7 Rxe7 27. Red1 Bh6+ 28. Kb1 Nc5 29. a3 b5 30. Bd5 e4 31. Rc6 e3 32. fxe3 Bxe3 33. Rc8+ Kg7 34. Bf3 Na4 35. Rc6 a5 36. Ra6 Bg5 37. Rxa5 Bf6 38. Rxb5 Bxb2 39. Rxb2 Nc3+ 40. Kc1 Nxd1 41. Kxd1 Re3 42. Rb3 Re5 43. a4 Ra5 44. Bc6 Kf6 45. Bb5 Ke5 46. c4 Kd4 47. Rf3 Ra7 48. Kd2 Re7 49. a5 h5 50. a6 h4 51. Rf6 g5 52. Rg6 Rf7 53. Rxg5 Rf2+ 54. Ke1 Ra2 55. Rd5+ Ke3 56. Re5+ Kf4 57. Re2 Ra3 58. Kf2 Ra1 59. c5 Ra5 60. c6 1-0


[Site "https://www.chess.com"]

[Event "Titled Tuesday Blitz November 07 Early 2023"]
[White "Martin, Lewis"]
[Black "Khater, Sherif"]
[WhiteFideId "410551"]
[BlackFideId "2034280"]
[WhiteElo "2288"]
[BlackElo "2502"]
[Result "0-1"]
[Round "2"]
[TimeControl "180+1"]
[Date "2023.11.07"]
[WhiteClock "0:00:38"]
[BlackClock "0:00:28"]
[Board "194"]

1. c4 c5 2. g3 Nc6 3. Bg2 Nf6 4. Nc3 g6 5. e4 d6 6. Nge2 Bg7 7. d3 O-O 8. O-O Rb8 9. h3 e5 10. Be3 Nd4 11. Qd2 Bxh3 12. Bh6 Qd7 13. Bxg7 Kxg7 14. f4 Bxg2 15. Kxg2 Ng4 16. Nd5 f5 17. fxe5 dxe5 18. Nxd4 cxd4 19. exf5 gxf5 20. Qg5+ Kh8 21. Rae1 b5 22. b3 bxc4 23. dxc4 Rf7 24. Rf3 Rg8 25. Qh5 f4 26. Rh1 Qe6 27. Rh4 Ne3+ 28. Nxe3 dxe3 29. g4 Rfg7 30. Rfh3 Rxg4+ 31. Kf3 Qc6+ 32. Ke2 Rg2+ 33. Kd3 e4+ 34. Kc3 Qf6+ 35. Kb4 a5+ 36. Kb5 R2g5+ 0-1


[Site "https://www.chess.com"]

[Event "Titled Tuesday Blitz November 07 Early 2023"]
[White "Lund, Gunnar"]
[Black "ilya2700"]
[WhiteFideId "1520814"]
[WhiteElo "2501"]
[BlackElo "2286"]
[Result "0-1"]
[Round "2"]
[TimeControl "180+1"]
[Date "2023.11.07"]
[WhiteClock "0:00:06"]
[BlackClock "0:00:09"]
[Board "195"]

1. d4 Nf6 2. Nf3 g6 3. c4 Bg7 4. Nc3 O-O 5. e3 d6 6. Be2 Nbd7 7. O-O e5 8. b3 c6 9. Bb2 Qc7 10. Qc2 b6 11. Rad1 Bb7 12. d5 cxd5 13. cxd5 Nxd5 14. Qd2 Nxc3 15. Bxc3 d5 16. Rc1 Nc5 17. Qb2 Rfe8 18. Bb5 Bc6 19. Bxc6 Qxc6 20. Bxe5 Bxe5 21. Nxe5 Qe6 22. b4 Qxe5 23. Qxe5 Rxe5 24. bxc5 bxc5 25. Rxc5 Rb8 26. Ra5 Rb7 27. Rd1 Kf8 28. h4 Rd7 29. Rd4 Ke7 30. g3 Ke6 31. Kf1 Re4 32. Rd3 Rc4 33. Rda3 Rcc7 34. Ra6+ Ke7 35. Rb3 d4 36. exd4 Rxd4 37. Rba3 Rdd7 38. Kg2 Kd8 39. R3a5 Kc8 40. h5 Kb8 41. Rf6 Kb7 42. Rb5+ Kc8 43. h6 Rc2 44. a4 Kd8 45. Rb3 Ra2 46. Rb4 Ke7 47. Rbf4 Ke8 48. Rc6 f5 49. Rc8+ Kf7 50. Rh8 Kf6 51. Rb8 Kg5 52. Rb5 Kxh6 53. g4 Kg5 54. Kg3 Rd3+ 55. f3 Rdd2 56. Rfxf5+ gxf5 57. Rxf5+ Kg6 58. Ra5 Rd7 59. f4 Ra3+ 60. Kh4 Rd4 61. Ra6+ Kf7 62. Rxa7+ Ke6 63. f5+ Ke5 64. Rxh7 Raxa4 65. Rg7 Kf6 66. Rg6+ Kf7 67. Kh5 Ra8 68. Rh6 Rg8 69. g5 Rd5 70. Kg4 Rd1 71. Rh7+ Rg7 72. Rh6 Rg1+ 73. Kf4 R1xg5 74. Ke5 Rg1 75. Rf6+ Ke7 76. Ra6 Re1+ 77. Kf4 Kf8 78. Ra8+ Re8 79. Ra6 Rf7 80. Kg5 Ke7 81. Kg6 Rg8+ 82. Kh6 Rf6+ 83. Kh7 Rxa6 84. Kxg8 Kf6 85. Kh7 Kxf5 86. Kg7 Rb6 87. Kh7 Kg5 88. Kg7 Rb7+ 89. Kg8 Kf6 90. Kh8 Kg6 91. Kg8 Rb8# 0-1


[Site "https://www.chess.com"]

[Event "Titled Tuesday Blitz November 07 Early 2023"]
[White "Lesbekova, Assel"]
[Black "Lehtosaari, Mauri"]
[WhiteFideId "13713248"]
[BlackFideId "501999"]
[WhiteElo "2282"]
[BlackElo "2500"]
[Result "1-0"]
[Round "2"]
[TimeControl "180+1"]
[Date "2023.11.07"]
[WhiteClock "0:00:25"]
[BlackClock "0:00:08"]
[Board "196"]

1. e4 d5 2. exd5 Qxd5 3. Nf3 Bg4 4. Be2 Nc6 5. Nc3 Qd7 6. d3 e6 7. h3 Bxf3 8. Bxf3 Nf6 9. Bg5 Be7 10. Qd2 Nd4 11. Bd1 c5 12. Ne2 O-O 13. Nxd4 cxd4 14. O-O Rac8 15. Bf3 b6 16. c3 dxc3 17. bxc3 Rfd8 18. Rfd1 h6 19. Bh4 Qa4 20. d4 e5 21. Qe3 Re8 22. dxe5 Qxh4 23. exf6 Bxf6 24. Qd3 Bxc3 25. Rac1 Be5 26. Qd7 Rcd8 27. Qb5 Bd4 28. Rd2 Bc5 29. Rcd1 Rf8 30. Rxd8 Rxd8 31. Rxd8+ Qxd8 32. Qe2 a5 33. Kh2 g6 34. g3 Qd6 35. Kg2 Kg7 36. Qb2+ Bd4 37. Qb3 Qc5 38. Qd5 Bxf2 39. Qxc5 bxc5 40. Kxf2 Kf6 41. Ke3 Ke5 42. Kd3 f5 43. Kc4 f4 44. gxf4+ Kxf4 45. Bc6 Kg3 46. Bd7 h5 47. Kxc5 g5 48. Kb5 g4 49. hxg4 hxg4 50. Kxa5 Kf4 51. Bxg4 Ke5 52. Kb6 Kd6 1-0


[Site "https://www.chess.com"]

[Event "Titled Tuesday Blitz November 07 Early 2023"]
[White "Ahn, Hongjin"]
[Black "Napoli, Nicolo"]
[WhiteFideId "13201492"]
[BlackFideId "813702"]
[WhiteElo "2499"]
[BlackElo "2282"]
[Result "0-1"]
[Round "2"]
[TimeControl "180+1"]
[Date "2023.11.07"]
[WhiteClock "0:00:00"]
[BlackClock "0:00:11"]
[Board "197"]

1. e4 c6 2. d4 d5 3. exd5 cxd5 4. Nf3 Nf6 5. Ne5 g6 6. Bd3 Bg7 7. O-O O-O 8. c3 Nc6 9. Nxc6 bxc6 10. Nd2 c5 11. dxc5 e5 12. Nb3 a5 13. a4 Qc7 14. Bb5 Be6 15. c6 Rfd8 16. Nc5 Bc8 17. Re1 Bf8 18. Bg5 Be7 19. Nd7 Bxd7 20. cxd7 Kg7 21. Bxf6+ Bxf6 22. Qxd5 Rab8 23. Rad1 Rb6 24. Bc4 Re6 25. Kh1 Re7 26. Bb5 h5 27. Re4 h4 28. Rc4 Qa7 29. Qf3 e4 30. Qe2 h3 31. g3 e3 32. f4 Qb7+ 33. Bc6 Qb3 34. Bb5 Re6 35. Rc8 Rb6 36. Rxd8 Bxd8 37. Rd4 Bf6 38. d8=Q Bxd8 39. Rxd8 Qe6 40. Rd4 Rd6 41. Kg1 Rxd4 42. cxd4 Qe4 43. Bd3 Qxd4 44. Kf1 Qxa4 45. Qxe3 Qd1+ 46. Kf2 Qh1 47. Qe5+ Kh7 48. Qg5 Qxh2+ 49. Ke3 Qg2 50. Be4 Qg1+ 51. Kd3 h2 52. Qh4+ Kg7 53. f5 Qb1+ 54. Ke3 Qc1+ 55. Kf2 Qg1+ 56. Ke2 gxf5 57. Qg5+ Kf8 58. Qd8+ Kg7 59. Qg5+ Kf8 60. Qh6+ Ke7 61. Bf3 Qxg3 62. Qe3+ Kf6 63. Qc3+ Kg5 64. Qg7+ Kf4 65. Qh6+ Ke5 66. Qh8+ Kd6 67. Qd4+ Ke7 68. Qc5+ Qd6 69. Qa7+ Kf6 70. Qxa5 Qe5+ 71. Qxe5+ Kxe5 72. b4 Kd4 73. b5 Kc5 74. b6 Kxb6 75. Kf2 Kc5 76. Kg2 Kd4 77. Kxh2 Ke3 78. Kg3 f4+ 79. Kg4 f5+ 80. Kh3 Kxf3 81. Kh2 Ke2 0-1


[Site "https://www.chess.com"]

[Event "Titled Tuesday Blitz November 07 Early 2023"]
[White "ChainedDowntohell"]
[Black "De Souza, Cristiano Gomes"]
[BlackFideId "2151758"]
[WhiteElo "2498"]
[BlackElo "2275"]
[Result "1-0"]
[Round "2"]
[TimeControl "180+1"]
[Date "2023.11.07"]
[WhiteClock "0:00:58"]
[BlackClock "0:00:12"]
[Board "198"]

1. d4 Nf6 2. c4 g6 3. Nc3 Bg7 4. e4 d6 5. Be2 O-O 6. Be3 Na6 7. h4 e5 8. d5 Nc5 9. Qc2 a5 10. h5 Nfd7 11. g4 a4 12. Nh3 Qe7 13. O-O-O Rd8 14. Rdg1 b6 15. f3 f6 16. g5 f5 17. hxg6 hxg6 18. exf5 gxf5 19. Qxf5 Nf8 20. Qc2 e4 21. Nxe4 Bf5 22. Nf6+ Qxf6 23. gxf6 Bxc2 24. Rxg7+ 1-0


[Site "https://www.chess.com"]

[Event "Titled Tuesday Blitz November 07 Early 2023"]
[White "Smietanska, Wiktoria"]
[Black "Rama, Tejas"]
[WhiteFideId "21869359"]
[BlackFideId "30907381"]
[WhiteElo "2274"]
[BlackElo "2498"]
[Result "0-1"]
[Round "2"]
[TimeControl "180+1"]
[Date "2023.11.07"]
[WhiteClock "0:00:01"]
[BlackClock "0:00:10"]
[Board "199"]

1. c4 e6 2. Nc3 d5 3. cxd5 exd5 4. d4 c6 5. Nf3 Nf6 6. Bg5 Bd6 7. e3 h6 8. Bh4 Bf5 9. Ne5 O-O 10. Qf3 Be6 11. Bxf6 Qxf6 12. Qxf6 gxf6 13. Nd3 Nd7 14. Be2 b5 15. O-O a5 16. Rac1 a4 17. Nb1 Rfc8 18. Nd2 Bf5 19. g4 Bxd3 20. Bxd3 Nb6 21. Bf5 Rc7 22. Rc2 Nc4 23. Rfc1 Bb4 24. Nxc4 bxc4 25. Kg2 Rb8 26. Kg3 Rcb7 27. f4 Bd6 28. Rb1 a3 29. b3 cxb3 30. Rxc6 bxa2 31. Ra1 Bf8 32. Rxa2 Rb2 33. Ra1 Re2 34. Rc3 Rbb2 35. h3 Rg2+ 36. Kh4 a2 37. Ra3 Bxa3 38. Kh5 Bb4 39. h4 Rh2 40. g5 hxg5 41. fxg5 fxg5 42. Kxg5 Rbg2+ 43. Kf6 Bc3 44. Rc1 a1=Q 45. Rxa1 Bxa1 46. Ke5 Rf2 47. Kxd5 Rxf5+ 48. Ke4 Rh5 0-1


[Site "https://www.chess.com"]

[Event "Titled Tuesday Blitz November 07 Early 2023"]
[White "Dinu, Dumitru-Daniel"]
[Black "Belanoff, Ted"]
[WhiteFideId "1208403"]
[BlackFideId "2070588"]
[WhiteElo "2497"]
[BlackElo "2273"]
[Result "0-1"]
[Round "2"]
[TimeControl "180+1"]
[Date "2023.11.07"]
[WhiteClock "0:00:26"]
[BlackClock "0:00:48"]
[Board "200"]

1. e4 d5 2. exd5 Qxd5 3. Nf3 Bg4 4. Be2 c6 5. Nc3 Qd6 6. h3 Bh5 7. d4 Nd7 8. g4 Bg6 9. Be3 Ngf6 10. Qd2 e6 11. O-O-O Be7 12. h4 Nxg4 13. h5 Bf5 14. Nh4 Bxh4 15. Rxh4 Nxe3 16. Qxe3 Nf6 17. d5 Nxd5 18. Nxd5 cxd5 19. Bb5+ Kf8 20. h6 g6 21. Qd4 Rg8 22. c3 a6 23. Be2 b5 24. Bf3 Rc8 25. a3 g5 26. Rh5 Qf4+ 27. Qxf4 gxf4 28. Rd4 Rg1+ 29. Kd2 Rb1 30. Rb4 Rc4 31. Rxc4 dxc4 32. Rh4 Rxb2+ 33. Ke1 Rb3 34. Rxf4 Rxc3 35. Bb7 Rxa3 36. Rd4 Ke7 37. Bc6 Rd3 38. Rf4 Kf6 39. Bb7 Ra3 40. Rd4 Bd3 41. Rf4+ Kg6 42. Bc6 f5 43. Be8+ Kxh6 44. Bd7 Kg5 45. Rd4 e5 46. f4+ exf4 47. Rd6 f3 48. Bc6 Kf4 49. Rh6 Ke3 50. Re6+ Be4 51. Bxe4 fxe4 52. Kd1 f2 53. Rf6 f1=Q+ 54. Rxf1 Ra1+ 55. Kc2 Rxf1 56. Kc3 Rd1 57. Kb4 c3 58. Kxc3 Rd3+ 59. Kb4 Kd2 60. Ka5 b4 61. Kxb4 a5+ 62. Kxa5 Rc3 63. Kb4 e3 64. Kb5 e2 65. Kb4 e1=Q 66. Ka4 Qa1+ 67. Kb4 Qb2+ 68. Ka5 Ra3# 0-1


[Site "https://www.chess.com"]

[Event "Titled Tuesday Blitz November 07 Early 2023"]
[White "Nissinen, Niilo Man"]
[Black "Minko, Dmitry"]
[WhiteFideId "30950767"]
[BlackFideId "24188468"]
[WhiteElo "2264"]
[BlackElo "2495"]
[Result "0-1"]
[Round "2"]
[TimeControl "180+1"]
[Date "2023.11.07"]
[WhiteClock "0:00:01"]
[BlackClock "0:00:58"]
[Board "201"]

1. e4 e5 2. Nf3 Nc6 3. Bc4 Nf6 4. d3 h6 5. O-O g6 6. c3 Bg7 7. Re1 O-O 8. Nbd2 d5 9. exd5 Nxd5 10. a4 a5 11. Nf1 Be6 12. Bb5 Qd6 13. Ng3 f5 14. Qe2 Bf7 15. h4 Nf4 16. Qc2 Rad8 17. Bxf4 exf4 18. Ne2 Bd5 19. Nd2 f3 20. gxf3 Qf6 21. Bxc6 Bxc6 22. d4 Qxh4 23. Nf1 Bxf3 24. Neg3 Qh3 25. Ne3 f4 0-1


[Site "https://www.chess.com"]

[Event "Titled Tuesday Blitz November 07 Early 2023"]
[White "Dedona, Mark"]
[Black "Tharushi, T H D Niklesha"]
[WhiteFideId "30920256"]
[BlackFideId "9918264"]
[WhiteElo "2495"]
[BlackElo "2264"]
[Result "1/2-1/2"]
[Round "2"]
[TimeControl "180+1"]
[Date "2023.11.07"]
[WhiteClock "0:00:08"]
[BlackClock "0:00:34"]
[Board "202"]

1. e4 c5 2. b3 e6 3. Bb2 d5 4. Bb5+ Bd7 5. Bxd7+ Qxd7 6. Nc3 d4 7. Nce2 Nf6 8. d3 Nc6 9. h3 g5 10. Nf3 h6 11. O-O Bd6 12. Re1 O-O-O 13. a3 Nh5 14. b4 e5 15. bxc5 Bxc5 16. c3 Nf4 17. Nxf4 gxf4 18. cxd4 Bxd4 19. Bxd4 Nxd4 20. Nxe5 Qe6 21. Nf3 Rhg8 22. Kh2 Rg7 23. Nxd4 Rxd4 24. Rc1+ Kb8 25. Qc2 Qd7 26. Qc5 Rg8 27. Qe5+ Qd6 28. Qxd6+ Rxd6 29. Rc3 Rgd8 30. Rd1 Rd4 31. h4 Rxe4 32. dxe4 Rxd1 33. Rf3 Kc7 34. Rxf4 Rd7 35. Rf6 Re7 36. f3 h5 37. Rf5 Kc6 38. Rxh5 b5 39. Rf5 a5 40. h5 b4 41. axb4 axb4 42. h6 b3 43. h7 Re8 44. Rf6+ Kc5 45. Rxf7 Rb8 46. Rb7 Rxb7 47. h8=Q b2 48. Qe5+ Kc6 49. Qd5+ Kc7 50. Qc4+ Kb8 51. Qg8+ Kc7 52. Qf7+ Kb8 53. Qe8+ Kc7 54. Qe7+ Kb8 55. Qd8+ Ka7 56. Qa5+ Kb8 57. Qe5+ Ka7 58. Qd4+ Kb8 59. Qd6+ Ka7 60. Qa3+ Kb8 61. Qf8+ Ka7 62. Qc5+ Kb8 1/2-1/2


[Site "https://www.chess.com"]

[Event "Titled Tuesday Blitz November 07 Early 2023"]
[White "Santos Flores, Alberto"]
[Black "LionKing2367890"]
[WhiteFideId "3601234"]
[WhiteElo "2494"]
[BlackElo "2261"]
[Result "1-0"]
[Round "2"]
[TimeControl "180+1"]
[Date "2023.11.07"]
[WhiteClock "0:02:39"]
[BlackClock "0:02:30"]
[Board "203"]

1. e4 e5 2. Nf3 Nc6 3. Bc4 Bc5 4. O-O Nf6 5. d4 Bxd4 6. Nxd4 Nxd4 7. Bg5 h6 8. Bh4 g5 9. f4 d6 10. fxg5 Nxe4 11. Bxf7+ Kd7 12. Qg4+ Kc6 13. Qxe4+ 1-0


[Site "https://www.chess.com"]

[Event "Titled Tuesday Blitz November 07 Early 2023"]
[White "Lopez Martinez, Josep Manuel"]
[Black "Kuchava, Ana"]
[WhiteFideId "2212943"]
[BlackFideId "13605348"]
[WhiteElo "2490"]
[BlackElo "2260"]
[Result "1-0"]
[Round "2"]
[TimeControl "180+1"]
[Date "2023.11.07"]
[WhiteClock "0:01:06"]
[BlackClock "0:00:00"]
[Board "204"]

1. e4 c5 2. Nf3 d6 3. d4 cxd4 4. Nxd4 Nf6 5. Nc3 Nc6 6. Bg5 e6 7. Bb5 Bd7 8. Qd3 a6 9. Bxc6 bxc6 10. O-O-O e5 11. Nb3 Be7 12. f4 exf4 13. Bxf4 Bg4 14. Rd2 O-O 15. Bxd6 Bxd6 16. Qxd6 Qb6 17. e5 Rad8 18. Qc5 Qxc5 19. Nxc5 Nd5 20. N3e4 a5 21. h3 Bf5 22. Nd6 Bg6 23. a3 Ne3 24. Re1 Nf5 25. g4 Ne7 26. e6 f6 27. Nd7 1-0


[Site "https://www.chess.com"]

[Event "Titled Tuesday Blitz November 07 Early 2023"]
[White "Dodaro, Mattia"]
[Black "Mystery2007"]
[WhiteFideId "28583400"]
[WhiteElo "2257"]
[BlackElo "2489"]
[Result "0-1"]
[Round "2"]
[TimeControl "180+1"]
[Date "2023.11.07"]
[WhiteClock "0:00:10"]
[BlackClock "0:00:19"]
[Board "205"]

1. e4 a6 2. d4 e6 3. Nf3 d5 4. e5 c5 5. Bg5 Qb6 6. b3 cxd4 7. Nxd4 Bc5 8. c3 Nc6 9. Be3 Nxe5 10. Be2 Nc6 11. O-O Nf6 12. Nd2 Nxd4 13. cxd4 Bxd4 14. Nc4 dxc4 15. Bxd4 Qd8 16. Bxc4 O-O 17. Be5 b5 18. Qf3 Ra7 19. Rfd1 Rd7 20. Bd3 Bb7 21. Qh3 h6 22. Rac1 Rd5 23. Bb2 Qe7 24. Bb1 Rfd8 25. Rxd5 Bxd5 26. Qd3 Ne4 27. f3 Bb7 28. Qc2 Rd2 29. Qc7 Qxc7 30. Rxc7 Rd1# 0-1


[Site "https://www.chess.com"]

[Event "Titled Tuesday Blitz November 07 Early 2023"]
[White "Reprintsev, Alexander"]
[Black "Bolivar Losada, Jeison"]
[WhiteFideId "14100541"]
[BlackFideId "4404793"]
[WhiteElo "2487"]
[BlackElo "2257"]
[Result "1-0"]
[Round "2"]
[TimeControl "180+1"]
[Date "2023.11.07"]
[WhiteClock "0:01:32"]
[BlackClock "0:00:00"]
[Board "206"]

1. e4 c5 2. b3 Nf6 3. e5 Nd5 4. Nc3 Nxc3 5. dxc3 Nc6 6. Bf4 g6 7. Nf3 Bg7 8. Bc4 O-O 9. O-O b6 10. Qd2 Bb7 11. Rad1 Na5 12. Qxd7 Qxd7 13. Rxd7 Bxf3 14. gxf3 Nxc4 15. bxc4 e6 16. Bg3 Rfd8 17. Rfd1 Rxd7 18. Rxd7 Kf8 19. f4 Ke8 20. Rb7 g5 21. fxg5 Rd8 22. Rxa7 Rd2 23. f4 Rxc2 24. Be1 h6 25. h4 hxg5 26. hxg5 Bf8 27. Kf1 Be7 28. a4 Ra2 29. Bf2 1-0


[Site "https://www.chess.com"]

[Event "Titled Tuesday Blitz November 07 Early 2023"]
[White "Xqswdc"]
[Black "Kopczynski, Michal"]
[BlackFideId "1124200"]
[WhiteElo "2255"]
[BlackElo "2485"]
[Result "0-1"]
[Round "2"]
[TimeControl "180+1"]
[Date "2023.11.07"]
[WhiteClock "0:00:00"]
[BlackClock "0:00:49"]
[Board "207"]

1. e4 b6 2. d4 Bb7 3. Nc3 e6 4. f4 Nf6 5. Bd3 Bb4 6. Qe2 d5 7. e5 Ne4 8. Bxe4 dxe4 9. Be3 Nc6 10. Rd1 O-O 11. Nh3 f5 12. exf6 gxf6 13. O-O Bxc3 14. bxc3 Qe8 15. f5 exf5 16. Rxf5 Qg6 17. Rdf1 Ne7 18. Rh5 Bc8 19. Rh6 Qg7 20. Qh5 Bg4 21. Qb5 c6 22. Qc4+ Kh8 23. Nf2 Bf3 24. g3 Nf5 25. Bf4 Nxh6 26. Qe6 Rae8 27. Qh3 Ng4 28. Nxg4 Qxg4 29. Qh6 Qg6 30. Qh4 Be2 31. Re1 Qh5 32. Qxh5 Bxh5 33. Re3 Bf3 34. h3 Rf7 35. Kf2 c5 36. g4 cxd4 37. cxd4 Rc8 38. c3 b5 39. Bd6 a5 40. a3 Rd7 41. Bf4 b4 42. axb4 a4 43. b5 a3 44. b6 a2 45. Re1 Rxc3 46. Bc7 Rdxc7 47. bxc7 Rxc7 48. Ra1 Rc2+ 49. Ke3 Kg7 50. d5 Kf7 51. Kf4 Ke7 52. Kf5 Bg2 53. d6+ Kxd6 54. Kxf6 e3 55. Kf5 Bxh3 56. Kf4 e2 57. Kf3 Bf1 58. g5 Ke5 59. Kf2 Kf5 60. Ke1 Kxg5 61. Kf2 h5 0-1


[Site "https://www.chess.com"]

[Event "Titled Tuesday Blitz November 07 Early 2023"]
[White "Garagulya, Konstantin"]
[Black "Akylbek2021"]
[WhiteFideId "4128931"]
[WhiteElo "2481"]
[BlackElo "2239"]
[Result "1-0"]
[Round "2"]
[TimeControl "180+1"]
[Date "2023.11.07"]
[WhiteClock "0:00:50"]
[BlackClock "0:00:00"]
[Board "208"]

1. d4 Nf6 2. Nf3 g6 3. Nc3 Bg7 4. e4 d6 5. Bc4 O-O 6. e5 dxe5 7. Nxe5 Nbd7 8. Bg5 Nxe5 9. dxe5 Ng4 10. Nd5 Qe8 11. f4 Be6 12. Qe2 Bxd5 13. Bxd5 Nh6 14. O-O e6 15. Be4 Nf5 16. c3 c6 17. Rad1 h6 18. Bf6 Bxf6 19. exf6 Rd8 20. g4 Nd6 21. Bd3 Qd7 22. h4 Qc7 23. h5 Nb5 24. hxg6 fxg6 25. Qxe6+ Kh7 26. Qe7+ 1-0


[Site "https://www.chess.com"]

[Event "Titled Tuesday Blitz November 07 Early 2023"]
[White "parintele_chess"]
[Black "subham777"]
[WhiteElo "2239"]
[BlackElo "2480"]
[Result "0-1"]
[Round "2"]
[TimeControl "180+1"]
[Date "2023.11.07"]
[WhiteClock "0:00:00"]
[BlackClock "0:00:07"]
[Board "209"]

1. d4 d5 2. c4 e6 3. Nc3 Nf6 4. cxd5 exd5 5. Bg5 c6 6. e3 Bd6 7. Bd3 O-O 8. Qc2 h6 9. Bh4 a5 10. Nge2 Na6 11. a3 Re8 12. O-O Bxh2+ 13. Kxh2 Ng4+ 14. Kg3 g5 15. Bf5 gxh4+ 16. Kh3 Qg5 17. Bxc8 Raxc8 18. g3 hxg3 19. Nxg3 Nc7 20. Qf5 Nf6 21. Qxg5+ hxg5 22. Nf5 Re6 23. Rh1 Nce8 24. Rag1 g4+ 25. Kg2 Ng7 26. Nh6+ Kf8 27. Nxg4 Ke7 28. Kf3 Nxg4 29. Rxg4 Nf5 30. Rh7 Nd6 31. Rgg7 Rf6+ 32. Ke2 b5 33. f3 Re6 34. b3 Rf8 35. Kd3 Nf5 36. e4 Nxg7 37. Rxg7 b4 38. axb4 axb4 39. exd5 Rg6 40. Rxg6 fxg6 41. Na2 Rxf3+ 42. Ke4 Rxb3 43. dxc6 Kd6 44. d5 g5 45. Nc1 Rc3 46. Na2 Rc4+ 47. Kd3 Kxd5 48. c7 Rxc7 49. Nxb4+ Ke5 50. Ke3 Rc3+ 51. Kf2 Rb3 52. Nc2 Rb2 0-1


[Site "https://www.chess.com"]